 Dungeon Crawl Stone Soup version 0.30-a0-711-gf4ac18a38d (webtiles) character file.

Game seed: 16017602837551673229

16890 wormed the Arsonist (level 12, -15/65 HPs)
             Began as a Demonspawn Fire Elementalist on Jan 22, 2023.
             Was a Priest of Vehumet.
             Demolished by a death yak (17 damage)
             ... in a Gauntlet.
             The game lasted 00:30:11 (17076 turns).

wormed the Arsonist (Demonspawn Fire Elementalist) Turns: 17076, Time: 00:30:11

Health: -15/65     AC: 10    Str:  7 (8)  XL:     12   Next: 14%
Magic:  6/21       EV: 14    Int: 22      God:    Vehumet [***...]
Gold:   431        SH:  0    Dex: 12      Spells: 13/26 levels left

rFire   . . .      SeeInvis .    i - staff of fire
rCold   x . .      Faith    .    (no shield)
rNeg    . . .      Spirit   .    n - +2 leather armour {rF+}
rPois   .          Reflect  .    h - +1 helmet
rElec   .          Harm     .    (no cloak)
rCorr   .          Rampage  .    O - +1 pair of gloves
Will    .....      Rage     3%   o - +0 pair of boots
Stlth   ++++       NoTele   +    G - amulet of magic regeneration
HPRegen 0.00/turn                P - ring of ice
MPRegen 0.57/turn                R - +6 ring of intelligence

@: on berserk cooldown, inhibited regen, studying Fire Magic, unable to read,
unable to drink
A: hooves 1, thin metallic scales 1, demonic guardian 1, spiny 1, berserk 1,
clumsy 1, deformed body, deterioration 2, dopey 2, frail 3, low MP 1, screaming
2, inhibited regeneration, weak 1, cold vulnerability 2, heat vulnerability 1,
subdued magic 2, inability to drink after injury 2, inability to read after
injury 1
a: Renounce Religion


You were in a Gauntlet.
You worshipped Vehumet.
Vehumet was most pleased with you.
You visited 3 branches of the dungeon, and saw 15 of its levels.
You also visited: Gauntlet.

You collected 821 gold pieces.
You spent 390 gold pieces at shops.

Inventory:

Hand Weapons
 e - a +1 short sword of freezing
Armour
 h - a +1 helmet (worn)
 n - a +2 leather armour of fire resistance (worn)
 o - a +0 pair of boots (worn)
 H - a scarf of invisibility
 I - a +0 pair of gloves
 L - a +0 troll leather armour
 O - a +1 pair of gloves (worn)
Magical Staves
 i - a staff of fire (weapon)
 p - a staff of conjuration
Jewellery
 x - a +6 ring of dexterity
 C - a +6 ring of strength
 E - a +4 ring of protection
 G - an amulet of magic regeneration (around neck)
 K - an amulet of the acrobat
 P - a ring of ice (left hand)
 R - a +6 ring of intelligence (right hand)
 S - a ring of resist corrosion
Wands
 a - a wand of flame (36)
 b - a wand of iceblast (31) (quivered)
 t - a wand of polymorph (10)
 y - a wand of paralysis (23)
 D - a wand of quicksilver (11)
 F - a wand of digging (5)
Scrolls
 d - 8 scrolls of teleportation
 j - 4 scrolls of enchant armour
 k - 2 scrolls of enchant weapon
 s - a scroll of magic mapping
 v - 3 scrolls of identify
 J - a scroll of acquirement {unknown}
 M - a scroll of amnesia {unknown}
 N - a scroll of silence {unknown}
Potions
 c - 3 potions of brilliance
 f - 7 potions of curing
 g - 2 potions of heal wounds
 l - 2 potions of invisibility
 m - 4 potions of haste
 q - 2 potions of lignification {unknown}
 r - 3 potions of degeneration {unknown}
 u - 2 potions of attraction {unknown}
 w - 3 potions of mutation
 z - a potion of berserk rage {unknown}
 A - a potion of ambrosia {unknown}
 B - 3 potions of might {unknown}
 Q - a potion of flight {unknown}


   Skills:
 + Level 8.3 Fighting
 + Level 7.7 Dodging
 + Level 8.4 Stealth
 + Level 7.9 Spellcasting
 + Level 8.2 Conjurations
 + Level 8.9 Fire Magic


You had 13 spell levels left.
You knew the following spells:

 Your Spells              Type           Power      Damage    Failure   Level
a - Foxfire               Conj/Fire      100%       2x1d9     1%          1
b - Scorch                Fire           88%        2d9       1%          2
c - Inner Flame           Hex/Fire       26%        N/A       1%          3
d - Flame Wave            Conj/Fire      43%        2d11      1%          4
e - Stone Arrow           Conj/Erth      32%        3d9       1%          3

Your spell library contained the following spells:

 Spells                   Type           Power      Damage    Failure   Level
 Fulminant Prism          Conj/Hex       8%         3d6       4%          4
 Dazzling Flash           Conj/Hex       32%        N/A       1%          3
 Kindle Blastsparks       Fire/Tloc/Air  40%        2d13      1%          3
 Sandblast                Erth           10%        2d5       2%          1
 Iskenderun's Mystic Bla  Conj/Tloc      16%        2d5       4%          4
 Apportation              Tloc           10%        N/A       8%          1
 Starburst                Conj/Fire      21%        6d7       11%         6
 Passwall                 Tmut/Erth      4%         N/A       12%         2
 Call Canine Familiar     Summ           5%         N/A       26%         3
 Portal Projectile        Hex/Tloc       10%        N/A       26%         3
 Leda's Liquefaction      Hex/Erth       2%         N/A       67%         4
 Summon Ice Beast         Ice/Summ       8%         N/A       67%         4
 Alistair's Intoxication  Tmut/Pois      3%         N/A       95%         5
 Summon Forest            Summ/Tloc      2%         N/A       95%         5
 Summon Mana Viper        Hex/Summ       5%         N/A       95%         5
 Summon Cactus Giant      Summ           2%         N/A       100%        6
 Monstrous Menagerie      Summ           2%         N/A       100%        7
 Chain Lightning          Conj/Air       8%         3d10      100%        9
 Fire Storm               Conj/Fire      21%        8d6       100%        9
 Shatter                  Erth           2%         3d6*      100%        9


Dungeon Overview and Level Annotations

Branches:
Dungeon (11/15)            Temple (1/1) D:6            Lair (3/5) D:11
    Orc (0/2) D:10        Gauntlet (1/1)
  Swamp: Lair:2-3    Shoals: Lair:2-3     Snake: Lair:2-3    Spider: Lair:2-3

Altars:
Ashenzari
Cheibriados
Dithmenos
Fedhas
Gozag
Hepliaklqana
Kikubaaqudgha
Makhleb
Nemelex Xobeh
Okawaru
Qazlal
Ru
Sif Muna
Trog
Uskayaw
Vehumet
Wu Jian
Xom
Yredelemnul
Lugonu

Shops:
D:7 *   D:10 *

Portals:
Abyss: D:6

Annotations:
D:3 2 runed translucent doors, lessens's ghost, amateur DjGl
D:4 1 runed translucent door, Crazy Yiuf; Dowan; Duvessa
D:6 2 transporters, PyroL's ghost, novice GrEE Gauntlet 2 runed translucent doors, 7 transporters, exclusion: ice statue


Innate Abilities, Weirdness & Mutations

You have large cloven feet.
You are partially covered in thin metallic scales. (AC +2)
A weak demonic guardian rushes to your aid.
You are partially covered in sharp spines.
You sometimes lose your temper in combat.
You are clumsy. (Dex -2)
Armour fits poorly on your strangely shaped body.
Your body often deteriorates upon taking damage.
You are very dopey. (Int -4)
You are extremely frail. (-30% HP)
Your magical capacity is low. (-10% MP)
You frequently scream uncontrollably at your foes.
You do not regenerate when monsters are visible.
You are weak. (Str -2)
You are very vulnerable to cold. (rC--)
You are vulnerable to heat. (rF-)
Your spells are easier to cast, but less powerful.
You sometimes lose the ability to drink potions when taking damage.
You occasionally lose the ability to read scrolls when taking damage.


Message History

Your body deteriorates!
You feel weakened.
Casting: Scorch (safe; 1% risk of failure)
Confirm with . or Enter, or press ? or * to list all spells.
You feel a surge of power!
Flames lash the death yak.
The death yak is lightly wounded.
The death yak's fire resistance burns away.
The death yak gores you!
* * * LOW HITPOINT WARNING * * *
The shining eye gazes at you.
Strange energies course through your body.
You occasionally lose the ability to read scrolls when taking damage.
Casting: Scorch (safe; 1% risk of failure)
Confirm with . or Enter, or press ? or * to list all spells.
You feel a surge of power!
Flames lash the death yak.
The death yak is burned terribly!
The death yak is lightly wounded.
The death yak gores you but does no damage.
Casting: Scorch (safe; 1% risk of failure)
Confirm with . or Enter, or press ? or * to list all spells.
You feel a surge of power!
Flames lash the death yak.
The death yak is burned terribly!
The death yak is heavily wounded.
The shining eye gazes at you.
Strange energies course through your body.
You feel weaker. The death yak is struck by your spines.
The death yak gores you!
You feel threatened and lose the ability to read scrolls!
* * * LOW HITPOINT WARNING * * *
Casting: Scorch (safe; 1% risk of failure)
Confirm with . or Enter, or press ? or * to list all spells.
You feel a surge of power!
Flames lash the shining eye.
The shining eye is burned terribly!
The shining eye is almost dead.
The shining eye gazes at you.
Strange energies course through your body.
You feel vulnerable to heat.
The necromancer casts a spell.
The necromancer binds the souls of nearby monsters.
The death yak is struck by your spines. The death yak gores you!
You die...

#..#..#?#####...#.###.≈## .#
#..#©#.©#©.©#x##.##x#.## ⌠.#
#.#..#$.#.⌠.###.#..!#..##...#
#.#...###...##..##[.#...#.⌠.#
#.5##55.#.⌠.#...©##x#.∩.#...#
#########...#########...#.©.#
........#.⌠.....#.....⌠.#.....#
#########...#########...#.©.#.#
#..8#8..#.⌠.#..5@YY.#.∩.#...# #
#...8...#...#..##Gp##...#.⌠.#
#8.8.8..#.⌠.#.##.Y###..##...#
##8.©.8G#©.©###Y©##Y#.## .⌠.#
#8.8.8..######.Y##pY#.≈## .#
#...8...#...#..##..Y#.≈≈#
#..8#8..#.⌠.#.p.....#.≈##
#########...#########.##
......................≈#


You could see 3 death yaks, a shining eye (combustible), a necromancer, 2 small
abominations and a friendly shadow imp (summoned).

Vanquished Creatures
  Fannar (Lair:2)
  A hydra (Lair:3)
  Nergalle (Lair:2)
  A cyclops (D:11)
  Joseph (D:8)
  A black mamba (Lair:1)
  Maggie (D:7)
  5 cane toads
  3 rime drakes
  4 kobold demonologists
  2 komodo dragons
  An unseen horror (D:10)
  2 trolls (D:11)
  2 polar bears (Lair:2)
  2 blink frogs (Lair:3)
  2 hornets
  2 wraiths
  A shadow (D:11)
  Eustachio (D:5)
  2 basilisks (Lair:2)
  2 wyverns
  15 yaks
  A steam dragon (D:10)
  Menkaure (D:5)
  4 water moccasins
  A floating eye (Gauntlet)
  6 orc warriors
  2 sky beasts
  An ice beast (D:6)
  A black bear (Lair:2)
  3 ogres
  3 centaurs
  6 bullfrogs
  3 kobold brigands
  A necrophage (D:8)
  4 scorpions
  2 gnoll sergeants (D:11)
  4 wights (D:10)
  11 killer bees
  3 hounds
  2 jellies
  9 orc priests
  4 iguanas
  4 orc wizards
  12 gnolls
  9 adders
  A shadow imp (D:7)
  A white imp (D:8)
  3 ufetubi
  2 worms
  A dart slug (D:4)
  44 orcs
  6 ball pythons
  8 endoplasms
  4 giant cockroaches
  7 goblins
  8 hobgoblins
  6 jackals
  17 kobolds
  3 quokkas
  8 bats
  3 frilled lizards
  7 rats
  A bush (D:7)
280 creatures vanquished.

Vanquished Creatures (collateral kills)
  2 foxfires
2 creatures vanquished.

Vanquished Creatures (others)
  386 foxfires
  12 fungi
  21 plants
419 creatures vanquished.

Grand Total: 701 creatures vanquished

Notes
Turn   | Place    | Note
-------+----------+-------------------------------------------
     0 | D:1      | wormed the Demonspawn Fire Elementalist began the quest for
                  | the Orb.
     0 | D:1      | Reached XP level 1. HP: 13/13 MP: 3/3
   328 | D:1      | Gained mutation: You are partially covered in sharp spines.
                  | [demonic ancestry]
   328 | D:1      | Reached XP level 2. HP: 12/20 MP: 1/5
   825 | D:1      | Found a faded altar of an unknown god.
  1038 | D:1      | You fall into a shaft and drop 1 floor!
  1055 | D:2      | Learned a level 2 spell: Scorch
  1113 | D:2      | Reached XP level 3. HP: 25/25 MP: 4/6
  1312 | D:2      | Reached skill level 1 in Fighting
  2408 | D:3      | Reached XP level 4. HP: 32/32 MP: 1/7
  2499 | D:3      | Found a large runed translucent door.
  2499 | D:3      | Found a large runed translucent door.
  2553 | D:3      | Noticed lessens's ghost (amateur DjGl)
  2681 | D:3      | Found a stormy altar of Qazlal.
  2995 | D:3      | Found a burning altar of Makhleb.
  3255 | D:4      | Noticed an ogre
  3345 | D:3      | Learned a level 3 spell: Inner Flame
  3482 | D:4      | Killed an ogre
  3483 | D:4      | Reached XP level 5. HP: 38/38 MP: 2/9
  3759 | D:4      | Found an opulent altar of Gozag.
  3910 | D:4      | Found a runed translucent door.
  3910 | D:4      | Noticed Duvessa
  3911 | D:4      | Noticed Crazy Yiuf
  3911 | D:4      | Noticed Dowan
  4031 | D:4      | Reached XP level 6. HP: 44/44 MP: 3/10
  4292 | D:4      | Learned a level 4 spell: Flame Wave
  4293 | D:5      | Entered Level 5 of the Dungeon
  4294 | D:5      | Noticed Eustachio
  4541 | D:5      | Killed Eustachio
  4587 | D:5      | Reached XP level 7. HP: 42/51 MP: 0/11
  5410 | D:5      | Noticed Menkaure
  5433 | D:5      | Killed Menkaure
  6025 | D:5      | Reached XP level 8. HP: 59/59 MP: 7/13
  6267 | D:6      | Identified the +3 leather armour of Hubris {rElec Str+2
                  | Int-3 Dex+4}
  6287 | D:6      | Found a one-way gate to the infinite horrors of the Abyss.
  6796 | D:6      | Found a transporter.
  6818 | D:6      | Noticed an orange demon
  6820 | D:6      | Noticed PyroL's ghost (novice GrEE)
  6832 | D:6      | Found a transporter.
  7046 | D:6      | Found a staircase to the Ecumenical Temple.
  7063 | Temple   | Entered the Ecumenical Temple
  7063 | Temple   | Found a transporter.
  7063 | Temple   | Found a transporter.
  7065 | Temple   | Found a transporter.
  7065 | Temple   | Found a transporter.
  7102 | Temple   | Became a worshipper of Vehumet
  7310 | D:7      | Found Zuinauh's Overcharged Wands.
  7487 | D:7      | Found an ornate altar of the Wu Jian Council.
  7488 | D:7      | Found a shimmering altar of Xom.
  7654 | D:7      | Noticed a hornet
  7657 | D:7      | Killed a hornet
  7664 | D:7      | Noticed Maggie
  7720 | D:7      | Killed Maggie
  7721 | D:7      | Reached skill level 5 in Stealth
  7721 | D:7      | Reached skill level 5 in Fire Magic
  7721 | D:7      | Gained mutation: You are partially covered in thin metallic
                  | scales. (AC +2) [demonic ancestry]
  7721 | D:7      | Reached XP level 9. HP: 5/66 MP: 2/16
  8418 | D:7      | Learned a level 3 spell: Stone Arrow
  8447 | D:8      | Reached skill level 5 in Conjurations
  8523 | D:8      | Reached skill level 5 in Spellcasting
  8786 | D:8      | Reached skill level 5 in Fighting
  8917 | D:8      | Reached skill level 5 in Dodging
  9105 | D:8      | Noticed Joseph
  9111 | D:8      | Killed Joseph
  9255 | D:8      | Paralysed by a hornet for 2 turns
  9861 | D:9      | Reached * piety under Vehumet
  9861 | D:9      | Offered knowledge of Kiss of Death by Vehumet.
 10134 | D:9      | Gained mutation: You have large cloven feet. [demonic
                  | ancestry]
 10134 | D:9      | Reached XP level 10. HP: 28/76 MP: 2/18
 10933 | D:9      | Found a shimmering blue altar of Sif Muna.
 11219 | D:10     | Entered Level 10 of the Dungeon
 11709 | D:10     | Found Lekem's General Store.
 11717 | D:10     | Bought an amulet of magic regeneration for 390 gold pieces
 11839 | D:10     | Found a staircase to the Orcish Mines.
 12119 | D:10     | Offered knowledge of Poisonous Vapours by Vehumet.
 12211 | D:10     | Reached ** piety under Vehumet
 12680 | D:11     | Offered knowledge of Searing Ray by Vehumet.
 12755 | D:11     | Noticed a cyclops
 12891 | D:11     | Killed a cyclops
 12994 | D:11     | Noticed a smoke demon
 13004 | D:11     | Reached *** piety under Vehumet
 13084 | D:11     | Reached XP level 11. HP: 77/83 MP: 15/21
 13408 | D:11     | Found a corrupted altar of Lugonu.
 13835 | D:11     | Found a staircase to the Lair.
 13879 | Lair:1   | Entered Level 1 of the Lair of Beasts
 13964 | Lair:1   | Identified the +2 rapier "Ultimatum" {elec, Dex+4}
 14660 | Lair:1   | Offered knowledge of Fulminant Prism by Vehumet.
 14891 | Lair:2   | Noticed Nergalle
 15095 | Lair:2   | Identified the +5 chain mail of the Present {Slay+3}
 15170 | Lair:2   | Killed Nergalle
 15519 | Lair:2   | Noticed Fannar
 15529 | Lair:2   | Killed Fannar
 16376 | Lair:3   | Noticed a four-headed hydra
 16383 | Lair:3   | Killed a four-headed hydra
 16384 | Lair:3   | Gained mutation: A weak demonic guardian rushes to your
                  | aid. [demonic ancestry]
 16384 | Lair:3   | Reached XP level 12. HP: 88/92 MP: 13/23
 16456 | Lair:3   | Found a gate leading to a gauntlet.
 16547 | Lair:3   | Reached **** piety under Vehumet
 16582 | Gauntlet | Entered a Gauntlet
 16582 | Gauntlet | Noticed a tengu warrior
 16582 | Gauntlet | Found a runed translucent door.
 16582 | Gauntlet | Found a transporter.
 16582 | Gauntlet | Found a runed translucent door.
 16582 | Gauntlet | Found a transporter.
 16600 | Gauntlet | Found a transporter.
 16604 | Gauntlet | Found a transporter.
 16612 | Gauntlet | Found a transporter.
 16616 | Gauntlet | Found a transporter.
 16623 | Gauntlet | Found the +3 pair of seven-league boots {Rampage+∞}
 16625 | Gauntlet | Found a transporter.
 16641 | Gauntlet | Found a transporter.
 16642 | Gauntlet | Noticed a death yak
 16643 | Gauntlet | Noticed a death yak
 16644 | Gauntlet | Noticed a death yak
 16644 | Gauntlet | Noticed a death yak
 16655 | Gauntlet | Found a transporter.
 16659 | Gauntlet | Found a transporter.
 16667 | Gauntlet | Found a transporter.
 16671 | Gauntlet | Found a transporter.
 16956 | Gauntlet | Paralysed by a floating eye for 2 turns
 16963 | Gauntlet | Paralysed by a floating eye for 2 turns
 16964 | Gauntlet | Gained mutation: You are frail. (-10% HP) [a shining eye]
 16972 | Gauntlet | Gained mutation: You are very frail. (-20% HP) [a shining
                  | eye]
 16972 | Gauntlet | Paralysed by a floating eye for 4 turns
 16975 | Gauntlet | Gained mutation: You sometimes lose your temper in combat.
                  | [a shining eye]
 16981 | Gauntlet | Gained mutation: Your body sometimes deteriorates upon
                  | taking damage. [a shining eye]
 16983 | Gauntlet | Paralysed by a floating eye for 2 turns
 16990 | Gauntlet | Gained mutation: Your body often deteriorates upon taking
                  | damage. [a shining eye]
 16991 | Gauntlet | Gained mutation: You are dopey. (Int -2) [a shining eye]
 16991 | Gauntlet | Paralysed by a floating eye for 2 turns
 16996 | Gauntlet | Paralysed by a floating eye for 3 turns
 16996 | Gauntlet | Gained mutation: You occasionally shout uncontrollably at
                  | your foes. [a shining eye]
 16998 | Gauntlet | Gained mutation: You are very dopey. (Int -4) [a shining
                  | eye]
 16999 | Gauntlet | Gained mutation: You are extremely frail. (-30% HP) [a
                  | shining eye]
 17004 | Gauntlet | Paralysed by a floating eye for 3 turns
 17008 | Gauntlet | Paralysed by a floating eye for 2 turns
 17011 | Gauntlet | Paralysed by a floating eye for 2 turns
 17015 | Gauntlet | Gained mutation: Armour fits poorly on your strangely
                  | shaped body. [a shining eye]
 17016 | Gauntlet | Paralysed by a floating eye for 4 turns
 17016 | Gauntlet | Gained mutation: Your spells are a little easier to cast,
                  | but a little less powerful. [a shining eye]
 17019 | Gauntlet | Gained mutation: Your spells are easier to cast, but less
                  | powerful. [a shining eye]
 17025 | Gauntlet | Paralysed by a floating eye for 3 turns
 17026 | Gauntlet | Gained mutation: You are clumsy. (Dex -2) [a shining eye]
 17028 | Gauntlet | Gained mutation: Your magical capacity is low. (-10% MP) [a
                  | shining eye]
 17029 | Gauntlet | Gained mutation: You do not regenerate when monsters are
                  | visible. [a shining eye]
 17037 | Gauntlet | Paralysed by a floating eye for 4 turns
 17045 | Gauntlet | Gained mutation: You occasionally lose the ability to drink
                  | potions when taking damage. [a shining eye]
 17049 | Gauntlet | Gained mutation: You sometimes lose the ability to drink
                  | potions when taking damage. [a shining eye]
 17051 | Gauntlet | Gained mutation: You are vulnerable to cold. (rC-) [a
                  | shining eye]
 17061 | Gauntlet | Gained mutation: You are very vulnerable to cold. (rC--) [a
                  | shining eye]
 17066 | Gauntlet | Gained mutation: You frequently scream uncontrollably at
                  | your foes. [a shining eye]
 17073 | Gauntlet | Gained mutation: You occasionally lose the ability to read
                  | scrolls when taking damage. [a shining eye]
 17075 | Gauntlet | Gained mutation: You are weak. (Str -2) [a shining eye]
 17075 | Gauntlet | HP: 2/65 [death yak (17)]
 17076 | Gauntlet | Gained mutation: You are vulnerable to heat. (rF-) [a
                  | shining eye]
 17076 | Gauntlet | Demolished by a death yak

Illustrated notes

Levels and vault maps discovered:
D:1:      lemuel_arrival_muddy, layout_loops_corners,
          shapermc_ecumenical_altar_mp_urbaneastern, st_stairs_10,
          columned_hall_lemuel, minmay_fountain_box
D:2:      layout_basic
D:3:      layout_basic, lightli_temple_of_fire, nicolae_qazlal_eye_of_the_storm,
          ebering_ghost_disaster_area, fountainhead
D:4:      minmay_angry_zag, layout_basic, grunt_gozag_breadcrumbs,
          kennysheep_little_box, uniq_crazy_yiuf_cottage, uniq_duvessa
D:5:      layout_loops_ring, uniq_eustachio, uniq_menkaure
D:6:      layout_cave_pools, minmay_temple_entry_nine_rooms,
          gammafunk_ghost_abyssal_escape
D:7:      layout_basic, mainiacjoe_overflow_divided_tiny,
          dreamdust_princess_bridge, nicolae_shop_overcharged_wands, uniq_maggie
D:8:      layout_rooms, uniq_joseph
D:9:      layout_loops_ring, led_sif_book, serial_glass, glass_columns_a,
          glass_columns_b
D:10:     layout_cave_pods, david_orc_5, serial_shops, nicolae_shop_trees,
          enter_bailey_5
D:11:     kennysheep_kobold_lugonu_temple, layout_loops_cross, lair_entry_dummy
Temple:   hellmonk_temple_divided_pantheon
Lair:1:   layout_gridlike
Lair:2:   wander_river, layout_layer_cave, uniq_fannar, uniq_nergalle
Lair:3:   layout_small_grid, minmay_swamp_entry_worms,
          minmay_snake_entry_six_corridors, gauntlet_entry_generic,
          infiniplex_staircase_pool_2
Gauntlet: minmay_gauntlet_77_indecision [minmay_gauntlet_arena_77_cramped,
          minmay_gauntlet_arena_77_museum,
          minmay_gauntlet_arena_77_terracotta_army,
          minmay_gauntlet_arena_77_squiggly, minmay_gauntlet_arena_77_two_lines,
          minmay_gauntlet_arena_77_fan, dreamdust_gauntlet_exit_labyrinth]

Skill      XL: |  1  2  3  4  5  6  7  8  9 10 11 |
---------------+----------------------------------+-----
Dodging        | 2 3 4 5 6 7 |  7.7
Stealth        | 2 3 4 5 6 7 8 |  8.4
Fighting       | 1 2 3 4 5 6 8 |  8.3
Fire Magic     | 3 4 5 6 8 |  8.9
Conjurations   | 2 3 4 5 6 8 |  8.2
Spellcasting   | 3 4 5 6 7 |  7.9

Action                     |  1- 3 |  4- 6 |  7- 9 | 10-12 || total
---------------------------+-------+-------+-------+-------++-------
  Melee: Unarmed           |    16 |       |       |       ||    16
         Short sword       |    27 |       |       |       ||    27
         Punch             |     1 |       |       |     1 ||     2
         Staff             |       |    11 |    27 |    17 ||    55
   Cast: Foxfire           |    32 |    34 |    61 |    99 ||   226
         Scorch            |    10 |    22 |    40 |    80 ||   152
         Inner Flame       |       |     4 |    68 |   106 ||   178
         Flame Wave        |       |       |       |     6 ||     6
    Use: Scroll            |       |       |    15 |       ||    15
         Potion            |       |       |     5 |     4 ||     9
   Stab: Sleeping          |     2 |       |       |       ||     2
 Armour: Robe              |    10 |       |       |       ||    10
         Leather armour    |       |     8 |    28 |    47 ||    83
  Dodge: Dodged            |    28 |    19 |    53 |    66 ||   166

Table legend: (Time is in decaauts)
 A = Elapsed time spent in this place.
 B = Non-inter-level travel time spent in this place.
 C = Inter-level travel time spent in this place.
 D = Time resting spent in this place.
 E = Time spent auto-exploring this place.
 F = Levels seen in this place.
 G = Mean time per level.
                   A        B        C        D        E       F      G
               +--------+--------+--------+--------+--------+-----+--------+
         Total |  17149 |  16021 |   1128 |     22 |  13522 |  16 | 1071.8 |
       Dungeon |  14097 |  13083 |   1014 |     22 |  11195 |  11 | 1281.5 |
        Temple |     57 |     45 |     12 |      0 |      6 |   1 |   57.0 |
          Lair |   2492 |   2391 |    101 |      0 |   2114 |   3 |  830.7 |
      Gauntlet |    501 |    501 |      0 |      0 |    207 |   1 |  501.0 |
               +--------+--------+--------+--------+--------+-----+--------+

Top non-repeatable levels by time:
    D:10: 1934 daAuts
     D:5: 1639 daAuts
     D:7: 1522 daAuts
  Lair:2: 1479 daAuts
     D:4: 1351 daAuts
     D:1: 1314 daAuts
     D:8: 1247 daAuts
     D:9: 1137 daAuts
     D:2: 1086 daAuts
     D:6: 1024 daAuts
     D:3: 1004 daAuts
    D:11: 835 daAuts
  Lair:1: 801 daAuts
Gauntlet: 501 daAuts
  Lair:3: 211 daAuts
